Map: Ruins of Seras

Players

Breakaway - Winner!

  • Race: Zerg Zerg
  • League: Diamond

benogan

  • Race: Protoss Protoss
  • League: Platinum

VOD

Have the link to the VOD?

Description

Time

  • Played on: Feb. 13, 2016, 11:45 a.m.
  • Length: 15:26
Show
View Real Time Build Order
Export as new Build Order

Breakaway Zerg - Winner!

Build Orders: Hatch First, Lurkers 

Get SALT Encoding   

  12  0:01  Drone  
  13  0:13  Overlord  
  13  0:18  Drone  
  14  0:31  Drone x2  
  16  0:52  Hatchery  
  16  0:54  Drone  
  16  1:07  Spawning Pool  
  16  1:11  Drone  
  16  1:17  Drone  
  18  1:40  Drone  
  18  1:44  Hatchery  
  17  1:54  Queen  
  17  1:58  Zergling x4  
  21  2:06  Queen  
  23  2:10  Drone  
  23  2:13  Drone  
  25  2:15  Drone  
  25  2:21  Drone  
  27  2:36  Drone  
  28  2:51  Overlord  
  28  2:55  Queen  
  30  3:01  Queen  
  30  3:04  Drone x2  
  34  3:06  Overlord  
  34  3:07  Extractor  
  34  3:08  Overlord  
  34  3:11  Drone x4  
  37  3:18  Drone x2  
  37  3:19  Drone  
  40  3:25  Drone x3  
  43  3:36  Drone  
  43  3:37  Drone x3  
  47  3:44  Drone x3  
  49  3:55  Drone x6  
  55  3:59  Drone  
  55  4:00  Extractor  
  55  4:04  Extractor  
  54  4:31  Drone x3  
  54  4:32  Overlord  
  54  4:33  Overlord  
  54  4:34  Overlord  
  54  4:35  Overlord  
  57  4:39  Roach Warren  
  57  4:41  Lair  
  57  4:43  Drone  
  57  4:50  Evolution Chamber  
  56  4:57  Drone  
  56  4:58  Drone x6  
  56  4:59  Drone x10  
  73  5:10  Overlord x2  
  73  5:17  Zerg Ground Armor Level 1  
  73  5:24  Drone  
  73  5:25  Extractor x2  
  72  5:29  Drone  
  72  5:33  Roach x10  
  93  5:38  Hatchery  
  92  5:48  Glial Reconstitution  
  92  6:00  Roach x4  
  92  6:01  Roach x2  
  92  6:03  Overlord x2  
  92  6:04  Drone, Overlord  
  105  6:09  Overseer  
  105  6:21  Drone x4, Hydralisk Den  
  105  6:22  Drone  
  111  6:33  Roach x10  
  129  6:41  Overlord  
  129  6:42  Overlord x2  
  120  6:49  Overseer x3  
  115  6:58  Queen  
  112  7:21  Spawning Pool  
  105  7:38  Hatchery  
  104  7:46  Hatchery  
  104  7:47  Extractor  
  104  7:51  Extractor  
  101  7:59  Hydralisk x4  
  109  8:06  Muscular Augments  
  109  8:07  Zerg Missile Weapons Level 1  
  109  8:18  Spore Crawler  
  108  8:20  Spine Crawler  
  108  8:22  Spine Crawler  
  106  8:31  Drone  
  106  8:32  Drone x4  
  106  8:34  Queen, Spore Crawler  
  111  8:36  Spine Crawler  
  111  8:38  Spine Crawler  
  110  8:52  Queen  
  112  8:59  Drone  
  112  9:01  Drone x2  
  115  9:14  Drone x8  
  115  9:15  Drone x5  
  128  9:18  Drone  
  129  9:28  Lair  
  129  9:33  Queen  
  129  9:35  Drone x2  
  129  9:36  Drone x5  
  138  9:39  Drone x3  
  138  9:45  Hydralisk x3, Drone  
  148  9:55  Roach x5  
  148  9:56  Roach  
  160  10:16  Overlord x2  
  160  10:34  Queen  
  160  10:35  Hydralisk  
  154  10:36  Roach x2  
  160  10:52  Zerg Missile Weapons Level 2  
  160  10:53  Lurker Den  
  160  10:55  Overlord x2  
  160  11:10  Drone, Spire, Pneumatized Carapace  
  160  11:12  Drone, Extractor  
  142  11:34  Drone x5  
  142  11:39  Queen  
  147  11:43  Hydralisk x2  
  147  11:44  Hydralisk x3, Roach x3  
  147  11:45  Hydralisk, Roach x3  
  147  11:46  Roach  
  175  11:48  Overlord  
  175  11:49  Overlord  
  175  11:59  Drone  
  176  12:02  Overlord x3  
  176  12:15  Drone x3  
  178  12:16  Drone  
  178  12:19  Drone x4  
  178  12:20  Drone  
  185  12:24  Hydralisk x2  
  185  12:25  Hydralisk, Roach x3  
  185  12:26  Roach  
  200  12:30  Lurker  
  200  12:49  Spore Crawler  
  200  12:51  Spine Crawler  
  198  12:53  Spore Crawler  
  198  12:54  Spine Crawler  
  198  12:58  Spine Crawler  
  195  12:59  Spine Crawler  
  195  13:05  Lurker x4  
  198  13:06  Lurker x2  
  191  13:31  Zergling x2  
  191  13:32  Zergling x16  
  182  13:44  Hydralisk x2, Roach  
  182  13:45  Hydralisk, Roach x4  
  182  14:05  Drone, Zergling x4  
  182  14:06  Zergling x14  
  192  14:53  Hatchery  
Show
View Real Time Build Order
Export as new Build Order

benogan Protoss 

Build Orders: Nexus First, Zealot Archon 

Get SALT Encoding   

  12  0:03  Probe (Chrono Boost)  
  13  0:13  Probe (Chrono Boost)  
  14  0:18  Pylon  
  14  0:24  Probe (Chrono Boost)  
  15  0:36  Probe (Chrono Boost)  
  16  0:47  Probe (Chrono Boost)  
  17  1:00  Nexus  
  17  1:08  Pylon  
  17  1:20  Gateway  
  17  1:23  Assimilator  
  17  1:26  Probe (Chrono Boost)  
  18  1:36  Probe (Chrono Boost)  
  19  1:42  Gateway  
  19  1:48  Probe (Chrono Boost)  
  20  1:54  Assimilator  
  20  1:59  Probe (Chrono Boost)  
  21  2:10  Cybernetics Core  
  21  2:14  Pylon  
  21  2:17  Probe (Chrono Boost)  
  22  2:26  Probe (Chrono Boost)  
  22  2:27  Probe (Chrono Boost)  
  24  2:36  Probe (Chrono Boost)  
  25  2:38  Probe (Chrono Boost)  
  26  2:48  Probe x2 (Chrono Boost)  
  26  2:51  Warp Gate  
  28  2:53  Sentry  
  30  2:59  Probe (Chrono Boost)  
  31  3:10  Probe (Chrono Boost)  
  31  3:11  Pylon  
  32  3:20  Probe (Chrono Boost)  
  33  3:28  Assimilator  
  33  3:31  Probe (Chrono Boost)  
  33  3:32  Assimilator  
  33  3:34  Pylon  
  34  3:42  Mothership Core (Chrono Boost)  
  33  3:56  Twilight Council  
  33  4:00  Probe (Chrono Boost)  
  33  4:01  Probe (Chrono Boost)  
  35  4:10  Probe (Chrono Boost)  
  35  4:11  Probe (Chrono Boost)  
  37  4:21  Probe (Chrono Boost)  
  37  4:22  Probe (Chrono Boost)  
  39  4:31  Probe (Chrono Boost)  
  39  4:32  Probe (Chrono Boost)  
  39  4:37  Dark Shrine  
  41  4:42  Probe (Chrono Boost)  
  41  4:43  Probe (Chrono Boost)  
  43  4:52  Probe (Chrono Boost), Gateway  
  44  4:53  Probe (Chrono Boost), Gateway  
  44  4:55  Gateway  
  44  4:58  Gateway  
  44  4:59  Gateway  
  45  5:01  Gateway  
  45  5:03  Probe (Chrono Boost), Pylon  
  46  5:10  Gateway  
  46  5:30  Pylon  
  46  5:34  Pylon  
  46  5:40  Probe (Chrono Boost)  
  46  5:41  Pylon  
  47  5:46  Pylon  
  47  5:51  Probe (Chrono Boost)  
  48  6:02  Probe (Chrono Boost)  
  48  6:03  Dark Templar  
  48  6:04  Dark Templar x3  
  53  6:05  Dark Templar x4  
  53  6:09  Dark Templar  
  67  6:29  Nexus  
  67  7:05  Zealot x3  
  67  7:06  Zealot x3  
  67  7:07  Zealot x2  
  83  7:10  Charge  
  81  7:17  Robotics Facility  
  81  7:20  Robotics Facility  
  65  7:27  Dark Templar  
  65  7:28  Dark Templar x2  
  65  7:29  Dark Templar  
  73  7:32  Archon  
  73  7:33  Archon  
  73  7:35  Dark Templar x2  
  77  7:40  Archon  
  77  7:52  Zealot  
  77  7:53  Zealot x2  
  83  8:01  Probe (Chrono Boost)  
  84  8:08  Dark Templar x2  
  84  8:10  Zealot  
  84  8:11  Zealot x2  
  84  8:12  Probe (Chrono Boost)  
  95  8:14  Archon  
  95  8:19  Immortal  
  99  8:22  Probe (Chrono Boost)  
  100  8:27  Immortal  
  100  8:33  Probe (Chrono Boost)  
  105  8:40  Dark Templar x2  
  109  8:43  Probe (Chrono Boost)  
  109  8:44  Archon  
  110  8:56  Probe (Chrono Boost)  
  110  8:59  Dark Templar  
  110  9:02  Dark Templar  
  115  9:06  Probe (Chrono Boost)  
  116  9:11  Observer  
  118  9:17  Probe (Chrono Boost)  
  118  9:21  Archon  
  118  9:27  Probe (Chrono Boost)  
  119  9:37  Zealot  
  119  9:38  Probe (Chrono Boost), Zealot  
  124  9:46  Pylon  
  124  9:48  Probe (Chrono Boost), Pylon  
  124  9:50  Pylon  
  124  9:52  Pylon  
  125  9:56  Assimilator  
  125  10:00  Assimilator  
  125  10:05  Probe (Chrono Boost)  
  126  10:10  Nexus  
  126  10:28  Pylon  
  124  10:30  Pylon  
  124  10:32  Pylon  
  92  10:44  Forge  
  92  10:46  Dark Templar x2  
  92  10:47  Dark Templar x4  
  100  10:57  Zealot x3  
  100  11:01  Immortal  
  100  11:02  Immortal  
  114  11:06  Forge  
  104  11:27  Probe (Chrono Boost)  
  104  11:31  Assimilator  
  103  11:35  Assimilator, Zealot  
  103  11:36  Zealot x3  
  103  11:37  Zealot x3, Pylon  
  103  11:38  Probe (Chrono Boost), Zealot x2  
  103  11:39  Protoss Ground Weapons Level 1, Pylon  
  122  11:46  Immortal x2  
  130  11:48  Probe (Chrono Boost)  
  130  11:53  Mothership Core (Chrono Boost)  
  133  11:57  Dark Templar x2  
  133  11:58  Dark Templar x2  
  133  11:59  Probe (Chrono Boost)  
  142  12:01  Archon  
  142  12:02  Archon  
  142  12:04  Zealot  
  142  12:05  Zealot x4  
  152  12:09  Probe (Chrono Boost)  
  153  12:25  Gateway, Immortal x2  
  153  12:27  Gateway  
  153  12:29  Gateway  
  161  12:30  Protoss Ground Armor Level 1  
  161  12:31  Gateway  
  161  12:32  Gateway  
  161  12:35  Zealot x2  
  161  12:36  Zealot x2  
  169  12:38  Zealot  
  169  13:11  Warp Prism  
  127  13:43  Zealot x4  
  127  13:44  Zealot x4  
  127  13:45  Zealot  
  113  14:05  Dark Templar x4  
  113  14:06  Dark Templar x2  
  113  14:07  Dark Templar  
  110  14:25  Archon x3  
  110  14:29  Dark Templar  
  112  14:35  Templar Archives  
  112  14:37  Probe (Chrono Boost)  
  113  14:39  Probe (Chrono Boost)  
  114  14:47  Probe (Chrono Boost)  
  114  14:49  Probe (Chrono Boost)  
  116  14:58  Probe (Chrono Boost)  
  109  15:00  Probe (Chrono Boost)  
  109  15:02  Mothership Core (Chrono Boost)  
  109  15:04  Observer  
  97  15:12  Dark Templar  
Tags
 
Add a new tag
Caveats
  • Supply blocks, unpowered buildings, or Contaminate may cause inaccurate times.
  • Supply counts are checked every 10 seconds.